 Dungeon Crawl Stone Soup version 0.17-a0-776-gd86b262 (webtiles) character file.

4249 FedoraBrony69 the Thaumaturge (level 10, 0/50 HPs)
             Began as a Deep Elf Conjurer on Apr 25, 2015.
             Slain by a quokka (2 damage)
             ... on level 7 of the Dungeon.
             The game lasted 00:20:23 (7582 turns).

FedoraBrony69 the Thaumaturge (Deep Elf Conjurer)   Turns: 7582, Time: 00:20:23

Health: 0/50       AC:  5    Str:  5    XL:     10   Next: 9%
Magic:  1/28       EV: 13    Int: 24    God:
Gold:   391        SH:  0    Dex: 15    Spells: 5 memorised, 11 levels left

rFire  . . .     SeeInvis .     I - +2 spear (flame)
rCold  . . .     Clarity  .     a - +0 robe
rNeg   . . .     SustAb   .     (no shield)
rPois  +         Gourm    .     y - +0 helmet
rElec  .         Spirit   .     (no cloak)
rCorr  +         Warding  .     q - +0 pair of gloves (curse)
rMut   .         Stasis   .     G - +0 pair of boots
MR     +....                    B - amulet of resist corrosion
Stlth  ++........               (no ring)
                                x - ring of poison resistance

@: somewhat resistant to hostile enchantments, unstealthy
A: no striking features
a: no special abilities


You were on level 7 of the Dungeon.
You were not hungry.

You visited 1 branch of the dungeon, and saw 9 of its levels.

You collected 391 gold pieces.

Inventory:

Hand weapons
 g - a +0 spear
 v - a +3 falchion
 I - a +2 spear of flaming (weapon)
Armour
 a - a +0 robe (worn)
 q - a cursed +0 pair of gloves (worn)
 y - a +0 helmet (worn)
 G - a +0 pair of boots (worn)
 P - the +2 ring mail of the Planets {rF- Regen+ Int+2 Slay+3, unknown}
   (You found it on level 7 of the Dungeon)

   It affects your intelligence (+2).
   It affects your accuracy and damage with ranged weapons and melee attacks
   (+3).
   It makes you vulnerable to fire.
   It increases your rate of regeneration.
 Q - a troll hide
Rods
 t - a +1 rod of shadows (12/12)
   (You found it on level 4 of the Dungeon)
Jewellery
 x - a ring of poison resistance (left hand)
 B - an amulet of resist corrosion (around neck)
Magical devices
 l - a wand of polymorph (8)
 p - a wand of slowing (25)
 u - a wand of disintegration (11)
 H - a wand of fireball (6)
 J - a wand of random effects (15)
 K - a wand of heal wounds (3)
 O - a wand of fireball (3)
Scrolls
 d - 2 scrolls of magic mapping {unknown}
 f - 3 scrolls of enchant weapon {unknown}
 i - 7 scrolls of remove curse {unknown}
 k - 7 scrolls of identify {unknown}
 o - a scroll of recharging {unknown}
 r - 2 scrolls of noise {unknown}
 F - a scroll of fog {unknown}
 N - a scroll of fear {unknown}
Potions
 e - a potion of curing {unknown}
 h - 2 potions of brilliance {unknown}
 m - a potion of cure mutation {unknown}
 n - 2 potions of agility {unknown}
 s - a potion of haste {unknown}
 z - 2 potions of ambrosia {unknown}
 C - a potion of degeneration {unknown}
 D - a potion of flight {unknown}
 L - a potion of poison {unknown}
Books
 b - a book of Conjurations

   Spells                             Type                      Level
   a - Magic Dart                     Conjuration                  1
   b - Searing Ray                    Conjuration                  2
   c - Dazzling Spray                 Conjuration/Hexes            3
   d - Fulminant Prism                Conjuration/Hexes            4
   e - Iskenderun's Mystic Blast      Conjuration                  4
   f - Iskenderun's Battlesphere      Conjuration/Charms           5
 A - the Almanac of Rubbish
   (You found it on level 5 of the Dungeon)

   Spells                             Type                      Level
   a - Bolt of Fire                   Conjuration/Fire             6
   b - Orb of Destruction             Conjuration                  7
 E - a Young Poisoner's Handbook

   Spells                             Type                      Level
   a - Sting                          Conjuration/Poison           1
   b - Cure Poison                    Poison                       2
   c - Mephitic Cloud                 Conjuration/Poison/Air       3
   d - Olgreb's Toxic Radiance        Poison                       4
   e - Venom Bolt                     Conjuration/Poison           5
Comestibles
 c - 4 bread rations
 j - 2 meat rations
 w - 3 beef jerkies
 M - 5 chunks of flesh


   Skills:
 - Level 2.4 Dodging
 - Level 2.4 Stealth
 + Level 12.5 Spellcasting
 + Level 11.4 Conjurations
 - Level 7.3 Charms


You had 11 spell levels left.
You knew the following spells:

 Your Spells              Type           Power        Failure   Level  Hunger
a - Magic Dart            Conj           ####         1%          1    None
b - Iskenderun's Battles  Conj/Chrm      ######..     2%          5    ###....
c - Iskenderun's Mystic   Conj           ######..     1%          4    None
d - Bolt of Fire          Conj/Fire      #####.....   71%         6    #####..
e - Orb of Destruction    Conj           ######....   34%         7    ######.


Dungeon Overview and Level Annotations

Branches:
Dungeon (9/15)
 Temple: D:4-7         Lair: D:8-11         Orc: D:9-12

Altars:
Dithmenos
Gozag
Makhleb
Nemelex Xobeh
Okawaru
Trog


Message History

The quokka closely misses you.
You miss the killer bee.
The killer bee is severely wounded.
The killer bee stings you! x2
* * * LOW HITPOINT WARNING * * *
The quokka closely misses you. The killer bee misses you.
You miss the killer bee.
The killer bee is severely wounded.
The killer bee completely misses you.
The quokka bites you but does no damage.
The killer bee barely misses you. The killer bee stings you.
* * * LOW HITPOINT WARNING * * *
The quokka bites you but does no damage.
You closely miss the killer bee.
The killer bee is severely wounded.
The killer bee stings you!
* * * LOW HITPOINT WARNING * * *
The killer bee closely misses you. The quokka bites you.
You die...

##.#...##....# #....#..#..#..
##### #...###...###.
#...###....#..#..#..
##......###...###....
#.......####.## ##.#.
##........##...###...#
#.......[....#..#..#..
#....@r.....###...###.
##....y...#..#..#..#..
###......##...###.... #
##...>..######..... ###
##.......(###...... ..##
#####..[............... #..##
#.....................< ##..###
##......................
#..#..####.......................


You could see a killer bee and a quokka.

Vanquished Creatures
  A troll (D:8)
  Grinder (D:6)
  Eustachio (D:6)
  A hungry ghost (D:7)
  Menkaure (D:4)
  An ice beast (D:6)
  Duvessa (D:6)
  2 black bears
  4 ogres
  An orc warrior (D:6)
  A sky beast (D:6)
  2 centaurs (D:6)
  5 giant frogs
  6 killer bees (D:8)
  2 scorpions
  Dowan (D:6)
  7 wights
  5 crimson imps
  4 hounds
  4 orc priests
  A jelly (D:6)
  A gnoll shaman (D:6)
  Natasha (twice) (D:4)
  6 worker ants
  4 iguanas
  8 orc wizards
  A killer bee zombie (D:7)
  12 gnolls
  12 adders
  A shadow imp (D:8)
  2 oozes
  2 adder skeletons
  2 adder zombies (D:5)
  A worm (D:3)
  5 giant geckos
  16 orcs
  9 goblins
  14 hobgoblins
  4 jackals (D:2)
  12 kobolds
  2 quokkas
  16 bats
  8 giant cockroaches
  4 giant newts
  A giant spore (D:6)
  19 rats
  A ballistomycete (D:6)
217 creatures vanquished.

Vanquished Creatures (collateral kills)
  A gnoll shaman (D:5)
  A gnoll (D:5)
2 creatures vanquished.

Vanquished Creatures (others)
  A wizard (D:6)
1 creature vanquished.

Grand Total: 220 creatures vanquished

Notes
Turn   | Place    | Note
--------------------------------------------------------------
     0 | D:1      | FedoraBrony69, the Deep Elf Conjurer, began the quest for the Orb.
     0 | D:1      | Reached XP level 1. HP: 10/10 MP: 6/6
   119 | D:1      | Reached XP level 2. HP: 9/15 MP: 1/8
   710 | D:1      | Reached skill level 5 in Conjurations
   756 | D:2      | Reached XP level 3. HP: 19/19 MP: 4/10
  1106 | D:2      | Reached XP level 4. HP: 24/24 MP: 1/12
  1664 | D:3      | Reached skill level 5 in Spellcasting
  1711 | D:3      | Reached XP level 5. HP: 26/28 MP: 5/14
  1718 | D:3      | Learned a level 5 spell: Iskenderun's Battlesphere
  1723 | D:3      | Learned a level 4 spell: Iskenderun's Mystic Blast
  1895 | D:3      | Reached skill level 6 in Conjurations
  1911 | D:3      | Reached skill level 1 in Charms
  2203 | D:4      | Noticed Menkaure
  2208 | D:4      | Killed Menkaure
  2208 | D:4      | Reached XP level 6. HP: 17/32 MP: 6/16
  2421 | D:4      | Noticed an ogre
  2433 | D:4      | Killed an ogre
  2433 | D:4      | Reached skill level 5 in Charms
  2550 | D:4      | Reached XP level 7. HP: 36/36 MP: 9/18
  2742 | D:4      | Noticed Natasha
  2746 | D:4      | Killed Natasha
  2837 | D:4      | Reached skill level 7 in Conjurations
  3085 | D:4      | Found a burning altar of Makhleb.
  3123 | D:4      | Found a sparkling altar of Nemelex Xobeh.
  3250 | D:4      | Noticed Natasha
  3262 | D:4      | Killed Natasha
  3412 | D:5      | Entered Level 5 of the Dungeon
  3583 | D:5      | Reached XP level 8. HP: 41/41 MP: 1/21
  3746 | D:5      | Identified the Almanac of Rubbish
  3753 | D:5      | Found an iron altar of Okawaru.
  3819 | D:5      | Found a shadowy altar of Dithmenos.
  4030 | D:5      | Identified a +1 rod of shadows (12/12) (You found it on level 4 of the Dungeon)
  4070 | D:5      | Reached skill level 8 in Spellcasting
  4286 | D:5      | Found a bloodstained altar of Trog.
  4286 | D:5      | Found an opulent altar of Gozag.
  4602 | D:6      | Reached skill level 9 in Spellcasting
  4722 | D:6      | Learned a level 6 spell: Bolt of Fire
  4730 | D:6      | Learned a level 7 spell: Orb of Destruction
  4860 | D:6      | Noticed Duvessa
  4862 | D:6      | Noticed Dowan
  4865 | D:6      | Killed Dowan
  4865 | D:6      | Killed Duvessa
  4927 | D:6      | Reached XP level 9. HP: 41/45 MP: 0/24
  5004 | D:6      | Noticed Eustachio
  5105 | D:5      | Reached skill level 10 in Spellcasting
  5198 | D:6      | Noticed Grinder
  5201 | D:6      | Killed Eustachio
  5204 | D:6      | Killed Grinder
  5204 | D:6      | Reached skill level 10 in Conjurations
  5855 | D:6      | Found a bloodstained altar of Trog.
  5855 | D:6      | Noticed a wizard
  5861 | D:6      | Killed a wizard
  6061 | D:6      | Reached skill level 11 in Spellcasting
  6769 | D:7      | Found a shadowy altar of Dithmenos.
  7025 | D:7      | Got a slimy ring mail
  7098 | D:7      | Reached skill level 12 in Spellcasting
  7381 | D:8      | Reached XP level 10. HP: 23/50 MP: 6/28
  7582 | D:7      | HP: 2/50 [killer bee (10)]
  7582 | D:7      | Slain by a quokka

Action                   |  1- 3 |  4- 6 |  7- 9 | 10-12 || total
-------------------------+-------+-------+-------+-------++-------
Melee: Unarmed           |    11 |       |       |       ||    11
       Spear             |     9 |       |    24 |     3 ||    36
       Rod               |       |       |     7 |       ||     7
 Cast: Magic Dart        |    73 |    91 |   228 |    12 ||   404
       Iskenderun's Myst |       |     9 |    87 |     7 ||   103
       Iskenderun's Batt |       |       |     8 |     1 ||     9
Evoke: Rod               |       |       |     2 |       ||     2
  Eat: Chunk             |       |     2 |    18 |     2 ||    22
       Bread ration      |       |     1 |       |       ||     1
